[Event "4NCL Div 2 2024-25"]
[Site "England"]
[Date "2024.11.23"]
[Round "1.22"]
[White "Wills, Tom"]
[Black "Goh, Jinghan Cameron"]
[Result "1-0"]
[ECO "D02"]
[WhiteElo "1976"]
[BlackElo "2017"]
[Annotator "NA RC"]
[PlyCount "65"]
[EventDate "2024.11.23"]
[EventType "team-tourn"]
[EventCountry "ENG"]
[SourceTitle "playchess.com"]
[Source "ChessBase"]
[SourceQuality "1"]
[TimeControl "40/6000+30:3000+30"]

1. Nf3 Nf6 2. g3 d5 3. Bg2 c5 4. O-O h6 5. d4 cxd4 6. Bf4 e6 7. Nxd4 g5 8. Bc1 e5 9. Nf3 Nc6 10. b3 Bc5 11. Bb2 Qe7 12. e3 Bg4 13. Qe1 Rg8 14. c4 e4 15. Nd4 Ne5 16. Qc3 Bb4 17. Qc2 Rc8 18. h3 Bd7 19. Qe2 dxc4 20. Rc1 b5 21. bxc4 Nd3 22. Rd1 Rxc4 23. Rxd3 exd3 24. Qxd3 Rg6 25. a4 a5 26. axb5 Qc5 27. Na3 Bxa3 28. Bxa3 Rxd4 29. exd4 Qxb5 30. Re1+ Kd8 31. Be7+ Kc8 32. Rc1+ Kb8 33. Rb1 1-0

[Event "4NCL Div 2 2024-25"]
[Site "England"]
[Date "2024.11.23"]
[Round "1.23"]
[White "Chan, Nevil"]
[Black "Edwards-Wright, Miles D"]
[Result "0-1"]
[ECO "B06"]
[WhiteElo "2011"]
[BlackElo "1970"]
[Annotator "NA RC"]
[PlyCount "80"]
[EventDate "2024.11.23"]
[EventType "team-tourn"]
[EventCountry "ENG"]
[SourceTitle "playchess.com"]
[Source "ChessBase"]
[SourceQuality "1"]
[TimeControl "40/6000+30:3000+30"]

1. d4 g6 2. Nc3 Bg7 3. Nf3 d6 4. e4 a6 5. a4 b6 6. Be2 Bb7 7. Be3 Nd7 8. O-O h6 9. Nd2 e6 10. f4 Ne7 11. Bf3 O-O 12. Ne2 f5 13. e5 Bxf3 14. Nxf3 Nd5 15. Qd2 b5 16. Nc3 N7b6 17. Nxd5 Nxd5 18. Rfe1 Qd7 19. a5 Rad8 20. c3 Qf7 21. Qe2 Rfe8 22. g3 Qd7 23. Bf2 Qc6 24. Nd2 h5 25. h4 dxe5 26. dxe5 Bf8 27. Nf3 Bc5 28. Red1 Ne7 29. Rxd8 Rxd8 30. Rd1 Bxf2+ 31. Kxf2 Qc5+ 32. Kg2 Nd5 33. Rd4 Qe7 34. Ng5 c5 35. Rd2 Qb7 36. Kg1 Qd7 37. Qf2 Qe7 38. Kh2 Rd7 39. Kg1 Kf8 40. Qxc5 Qxc5+ 0-1

[Event "4NCL Div 2 2024-25"]
[Site "England"]
[Date "2024.11.23"]
[Round "1.24"]
[White "Jaufarally, Nadia"]
[Black "Alldritt, Nigel R E"]
[Result "1/2-1/2"]
[ECO "C18"]
[WhiteElo "1929"]
[BlackElo "1898"]
[Annotator "NA RC"]
[PlyCount "69"]
[EventDate "2024.11.23"]
[EventType "team-tourn"]
[EventCountry "ENG"]
[SourceTitle "playchess.com"]
[Source "ChessBase"]
[SourceQuality "1"]
[TimeControl "40/6000+30:3000+30"]

1. e4 e6 2. d4 d5 3. Nc3 Bb4 4. e5 c5 5. a3 Bxc3+ 6. bxc3 Ne7 7. Qg4 O-O 8. Bd3 f5 9. exf6 Rxf6 10. Bg5 Rf7 11. Qh5 g6 12. Qd1 Qa5 13. Bd2 Nd7 14. Nf3 c4 15. Be2 Nc6 16. h4 Nf6 17. Ng5 Re7 18. h5 h6 19. Nh3 g5 20. Kf1 Bd7 21. Kg1 Rf8 22. f4 Ne4 23. Bf3 g4 24. Bxe4 gxh3 25. Bg6 hxg2 26. Rh2 Rg7 27. Rxg2 Ne7 28. Qe2 Nxg6 29. hxg6 Rf5 30. Kf2 Qd8 31. Rh1 Qf6 32. Kg1 h5 33. Rxh5 Rxh5 34. Qxh5 Be8 35. Kf1 1/2-1/2

[Event "4NCL Div 2 2024-25"]
[Site "England"]
[Date "2024.11.23"]
[Round "1.25"]
[White "Starosta, Martyna"]
[Black "Rees, Ioan"]
[Result "0-1"]
[ECO "C18"]
[WhiteElo "2309"]
[BlackElo "2251"]
[Annotator "RC"]
[PlyCount "96"]
[EventDate "2024.11.23"]
[EventType "team-tourn"]
[EventCountry "ENG"]
[SourceTitle "playchess.com"]
[Source "ChessBase"]
[SourceQuality "1"]
[TimeControl "40/6000+30:3000+30"]

1. e4 e6 2. d4 d5 3. Nc3 Bb4 4. e5 c5 5. a3 Bxc3+ 6. bxc3 Ne7 7. h4 Qc7 8. h5 h6 9. Bd3 Nbc6 10. Nf3 c4 11. Be2 Qa5 12. Bd2 Bd7 13. Qc1 O-O-O 14. Qb2 Rdg8 15. O-O-O Kb8 16. Rdg1 Nc8 17. g4 Nb6 18. g5 Na4 19. Qa1 hxg5 20. Nxg5 Be8 21. Rh3 Qd8 22. Rhg3 Ne7 23. Bg4 a5 24. Kb1 Nc8 25. Ka2 Qe7 26. Nh3 Na7 27. Nf4 Nb5 28. Qc1 Bd7 29. Bd1 Qf8 30. Be2 Ka7 31. Bd1 Rh7 32. Be2 Qe7 33. Bd1 Rc8 34. Ne2 Qf8 35. h6 gxh6 36. Nf4 f6 37. Ng6 Qd8 38. exf6 Qxf6 39. Rf3 Qd8 40. Ne5 Be8 41. Rg8 Qe7 42. Ng6 Qc7 43. Rff8 Nbxc3+ 44. Ka1 Nxd1 45. Qxd1 Rg7 46. Ne5 Rxg8 47. Rxg8 Qb6 48. Bc1 Nc3 0-1

[Event "4NCL Div 2 2024-25"]
[Site "England"]
[Date "2024.11.23"]
[Round "1.26"]
[White "Jones, Steven A"]
[Black "Cooksey, Paul S"]
[Result "0-1"]
[ECO "B12"]
[WhiteElo "2175"]
[BlackElo "2234"]
[Annotator "RC"]
[PlyCount "119"]
[EventDate "2024.11.23"]
[EventType "team-tourn"]
[EventCountry "ENG"]
[SourceTitle "playchess.com"]
[Source "ChessBase"]
[SourceQuality "1"]
[TimeControl "40/6000+30:3000+30"]

1. e4 c6 2. d4 d5 3. e5 Bf5 4. Nf3 e6 5. Be2 Ne7 6. O-O Bg6 7. Nbd2 c5 8. c3 cxd4 9. cxd4 Nbc6 10. Nb3 Nf5 11. h3 Qb6 12. g4 Nfe7 13. Nh4 Rc8 14. Be3 h5 15. Nxg6 Nxg6 16. gxh5 Nge7 17. Rc1 Nf5 18. Bd3 g6 19. hxg6 fxg6 20. Bxf5 gxf5 21. Kh2 Rc7 22. Rg1 Rch7 23. Rg3 a5 24. Rc2 Be7 25. Qg1 Kf7 26. f4 a4 27. Nc5 Bxc5 28. dxc5 Qd8 29. Rcg2 Qf8 30. Qd1 Qa8 31. Qg1 Qf8 32. Qd1 Qa8 33. Bf2 Ne7 34. Qd3 Qe8 35. b3 axb3 36. Qxb3 Qc6 37. Bd4 Qa6 38. Qe3 Qc4 39. Qg1 Ke8 40. Rb2 Qa6 41. Qf2 Nc6 42. Qg2 Kf8 43. Be3 Qc4 44. Qc2 Qf1 45. Qg2 Qc4 46. Rb3 Qe4 47. Bd2 Qc2 48. Rg6 Nd4 49. Ra3 Kf7 50. Rag3 Qe4 51. Rf6+ Ke8 52. c6 bxc6 53. Rg8+ Kd7 54. Rg7+ Kc8 55. Rxh7 Qxg2+ 56. Kxg2 Rxh7 57. Be3 Nc2 58. Bc5 Ne1+ 59. Kf1 Nd3 60. Bg1 0-1

[Event "4NCL Div 2 2024-25"]
[Site "England"]
[Date "2024.11.23"]
[Round "1.27"]
[White "Kacprzak, Kacper"]
[Black "Blackburn, Jonathan L B"]
[Result "1/2-1/2"]
[ECO "C11"]
[WhiteElo "2291"]
[BlackElo "2197"]
[Annotator "RC"]
[PlyCount "68"]
[EventDate "2024.11.23"]
[EventType "team-tourn"]
[EventCountry "ENG"]
[SourceTitle "playchess.com"]
[Source "ChessBase"]
[SourceQuality "1"]
[TimeControl "40/6000+30:3000+30"]

1. e4 e6 2. d4 d5 3. Nc3 Nf6 4. e5 Nfd7 5. f4 c5 6. Nf3 Nc6 7. Be3 Be7 8. Qd2 O-O 9. dxc5 Qa5 10. a3 a6 11. Qd1 f6 12. exf6 Bxf6 13. Qd2 Nxc5 14. O-O-O b6 15. Nd4 Bd7 16. g3 Rac8 17. Kb1 Na4 18. Na2 Qxd2 19. Rxd2 b5 20. Nxc6 Bxc6 21. Bd4 Bd7 22. Bh3 Rc7 23. Bxf6 gxf6 24. Re1 f5 25. Nb4 Nc5 26. Bg2 a5 27. Nd3 Nxd3 28. Rxd3 Rfc8 29. Rd2 Rb8 30. Re3 b4 31. Rd4 Rbc8 32. Rd2 Rb8 33. Rd4 Rbc8 34. Rd2 Rb8 1/2-1/2

[Event "4NCL Div 2 2024-25"]
[Site "England"]
[Date "2024.11.23"]
[Round "1.28"]
[White "Southcott-Moyers, Indy"]
[Black "Webb, Richard M"]
[Result "1/2-1/2"]
[ECO "D73"]
[WhiteElo "2174"]
[BlackElo "2172"]
[Annotator "RC"]
[PlyCount "57"]
[EventDate "2024.11.23"]
[EventType "team-tourn"]
[EventCountry "ENG"]
[SourceTitle "playchess.com"]
[Source "ChessBase"]
[SourceQuality "1"]
[TimeControl "40/6000+30:3000+30"]

1. d4 Nf6 2. c4 g6 3. g3 c6 4. Bg2 d5 5. Qa4 Bg7 6. cxd5 O-O 7. Nf3 cxd5 8. O-O Nc6 9. Nc3 Ne4 10. h3 Bf5 11. Bf4 Nxc3 12. bxc3 Qd7 13. Kh2 Nxd4 14. Qxd7 Nxf3+ 15. Bxf3 Bxd7 16. Bxd5 Rac8 17. Bxb7 Rxc3 18. Rac1 Bb5 19. Rxc3 Bxc3 20. Rc1 Bd4 21. e3 Bb6 22. Bc7 Bxc7 23. Rxc7 e6 24. Bc6 a6 25. a4 Be2 26. Kg2 Rd8 27. Bf3 Bxf3+ 28. Kxf3 Rd5 29. Rc4 1/2-1/2

[Event "4NCL Div 2 2024-25"]
[Site "England"]
[Date "2024.11.23"]
[Round "1.29"]
[White "Thompson, Ian D"]
[Black "Hng, Mei-Xian Eunice"]
[Result "1/2-1/2"]
[ECO "A20"]
[WhiteElo "2010"]
[BlackElo "2082"]
[Annotator "NA RC"]
[PlyCount "69"]
[EventDate "2024.11.23"]
[EventType "team-tourn"]
[EventCountry "ENG"]
[SourceTitle "playchess.com"]
[Source "ChessBase"]
[SourceQuality "1"]
[TimeControl "40/6000+30:3000+30"]

1. c4 e5 2. Nc3 Nf6 3. g3 c6 4. d4 exd4 5. Qxd4 d5 6. cxd5 cxd5 7. Nf3 Nc6 8. Qa4 Be7 9. Bg2 O-O 10. O-O Be6 11. Nd4 Qd7 12. Nxe6 fxe6 13. Be3 Rad8 14. Rad1 Bd6 15. a3 Qf7 16. Nb5 Bb8 17. Bc5 Rfe8 18. Nd4 Nxd4 19. Bxd4 Rc8 20. Bxf6 Qxf6 21. e4 dxe4 22. Bxe4 Re7 23. Rd7 b6 24. Rxe7 Qxe7 25. Rd1 Bd6 26. b4 a5 27. bxa5 bxa5 28. Qxa5 Bxa3 29. Qb5 Rd8 30. Rxd8+ Qxd8 31. Kg2 Qe7 32. Qb8+ Qf8 33. Qe5 Qe7 34. Qb8+ Qf8 35. Qe5 1/2-1/2

[Event "4NCL Div 2 2024-25"]
[Site "England"]
[Date "2024.11.23"]
[Round "1.30"]
[White "Freeland, Alex"]
[Black "Purdon, Colin"]
[Result "1-0"]
[ECO "D90"]
[WhiteElo "2031"]
[BlackElo "1957"]
[Annotator "NA RC"]
[PlyCount "75"]
[EventDate "2024.11.23"]
[EventType "team-tourn"]
[EventCountry "ENG"]
[SourceTitle "playchess.com"]
[Source "ChessBase"]
[SourceQuality "1"]
[TimeControl "40/6000+30:3000+30"]

1. d4 Nf6 2. c4 g6 3. Nc3 d5 4. Nf3 Bg7 5. h4 c6 6. cxd5 cxd5 7. Bf4 Nc6 8. e3 Bf5 9. Qb3 Qb6 10. Qxb6 axb6 11. Bb5 Rc8 12. Ne5 O-O 13. f3 Na7 14. Ba4 Rfd8 15. g4 Be6 16. Kf2 b5 17. Bb3 h5 18. g5 Nd7 19. Nxd7 Rxd7 20. Rhd1 Rdd8 21. a3 Rc6 22. e4 dxe4 23. d5 Rxc3 24. bxc3 Bf5 25. fxe4 Bxe4 26. Rac1 Nc8 27. c4 Bb2 28. cxb5 Bxc1 29. Rxc1 Nd6 30. Ke3 Bg2 31. Bxd6 Rxd6 32. Rc7 Bxd5 33. Bxd5 Rxd5 34. Rxb7 f6 35. gxf6 exf6 36. a4 Re5+ 37. Kf3 g5 38. a5 1-0

[Event "4NCL Div 2 2024-25"]
[Site "England"]
[Date "2024.11.23"]
[Round "1.31"]
[White "Tart, Peter K"]
[Black "Taylor, William J"]
[Result "0-1"]
[ECO "C43"]
[WhiteElo "1903"]
[BlackElo "1994"]
[Annotator "NA"]
[PlyCount "52"]
[EventDate "2024.11.23"]
[EventType "team-tourn"]
[EventCountry "ENG"]
[SourceTitle "playchess.com"]
[Source "ChessBase"]
[SourceQuality "1"]
[TimeControl "40/6000+30:3000+30"]

1. e4 e5 2. Nf3 Nf6 3. d4 Nxe4 4. Bd3 d5 5. dxe5 Nc5 6. O-O Be7 7. Nc3 c6 8. h3 Nbd7 9. Bf4 O-O 10. Re1 Nxd3 11. Qxd3 f6 12. exf6 Nxf6 13. Bg5 Bd6 14. Rad1 Bd7 15. Nxd5 cxd5 16. Bxf6 Rxf6 17. Qxd5+ Kh8 18. Ng5 Bc6 19. Qd3 Qg8 20. Qd4 h6 21. Qh4 Bc5 22. Rd2 Raf8 23. Ree2 Rf5 24. Ne6 Bxf2+ 25. Rxf2 Qxe6 26. Rfe2 Qf6 0-1

[Event "4NCL Div 2 2024-25"]
[Site "England"]
[Date "2024.11.23"]
[Round "1.32"]
[White "Turner, Lewis A"]
[Black "Shek, Daniel"]
[Result "1-0"]
[ECO "B33"]
[WhiteElo "1984"]
[BlackElo "1873"]
[Annotator "NA RC"]
[PlyCount "67"]
[EventDate "2024.11.23"]
[EventType "team-tourn"]
[EventCountry "ENG"]
[SourceTitle "playchess.com"]
[Source "ChessBase"]
[SourceQuality "1"]
[TimeControl "40/6000+30:3000+30"]

1. e4 c5 2. Nf3 Nc6 3. d4 cxd4 4. Nxd4 e5 5. Nb5 d6 6. N1c3 a6 7. Na3 Nf6 8. Bg5 Be7 9. Nc4 Nd4 10. Bxf6 gxf6 11. Nd5 b5 12. Ncb6 Bb7 13. Nxa8 Bxd5 14. exd5 Qxa8 15. c3 Nf5 16. Qd3 Ng7 17. a4 O-O 18. axb5 a5 19. Be2 f5 20. O-O Bd8 21. Ra4 Bb6 22. b4 e4 23. Qg3 Qxd5 24. bxa5 Bc5 25. Bc4 Qd2 26. Ra2 Qh6 27. a6 e3 28. fxe3 Bxe3+ 29. Kh1 f4 30. Qh3 Qg6 31. a7 Qe4 32. Qf3 Qxf3 33. gxf3 Ra8 34. Rfa1 1-0

[Event "4NCL Div 2 2024-25"]
[Site "England"]
[Date "2024.11.23"]
[Round "1.33"]
[White "Talsma, Paul"]
[Black "Bowcott-Terry, Finlay"]
[Result "0-1"]
[ECO "E51"]
[WhiteElo "2083"]
[BlackElo "2168"]
[Annotator "RC"]
[PlyCount "74"]
[EventDate "2024.11.23"]
[EventType "team-tourn"]
[EventCountry "ENG"]
[SourceTitle "playchess.com"]
[Source "ChessBase"]
[SourceQuality "1"]
[TimeControl "40/6000+30:3000+30"]

1. d4 d5 2. c4 Nc6 3. e3 e6 4. Nc3 Nf6 5. Nf3 Bb4 6. Bd3 dxc4 7. Bxc4 O-O 8. O-O a6 9. Qe2 Qe7 10. e4 e5 11. Bg5 Bxc3 12. bxc3 Bg4 13. d5 Nb8 14. Rab1 b5 15. Bd3 c6 16. c4 h6 17. Bd2 a5 18. h3 Bh5 19. Qe3 bxc4 20. Bxc4 Bg6 21. dxc6 Nxc6 22. Bd3 Rfd8 23. Rb6 Rd6 24. Rc1 Rad8 25. Bb1 Nb4 26. Rxd6 Rxd6 27. Bxb4 axb4 28. Kh2 Kh7 29. Qc5 Nxe4 30. Bxe4 Bxe4 31. Nxe5 Qg5 32. Ng4 Qf4+ 33. Kg1 Rc6 34. Qxc6 Bxc6 35. Rxc6 Qd2 36. Rc4 Qe1+ 37. Kh2 f5 0-1

[Event "4NCL Div 2 2024-25"]
[Site "England"]
[Date "2024.11.23"]
[Round "1.34"]
[White "Shearsby, Jude"]
[Black "Mason, Donald J"]
[Result "1-0"]
[ECO "B32"]
[WhiteElo "2192"]
[BlackElo "2021"]
[Annotator "RC"]
[PlyCount "99"]
[EventDate "2024.11.23"]
[EventType "team-tourn"]
[EventCountry "ENG"]
[SourceTitle "playchess.com"]
[Source "ChessBase"]
[SourceQuality "1"]
[TimeControl "40/6000+30:3000+30"]

1. e4 c5 2. Nf3 Nc6 3. d4 cxd4 4. Nxd4 e5 5. Nb5 d6 6. N1c3 a6 7. Na3 Be7 8. Nc4 b5 9. Ne3 Nf6 10. Bd3 O-O 11. O-O Be6 12. a4 Nb4 13. Be2 d5 14. exd5 Nbxd5 15. Ncxd5 Nxd5 16. Bf3 Nxe3 17. Bxe3 Qxd1 18. Rfxd1 Rac8 19. Rdc1 f5 20. axb5 e4 21. Be2 f4 22. Bd4 f3 23. Bf1 axb5 24. gxf3 exf3 25. Bxb5 Rf5 26. Bd3 Rg5+ 27. Kf1 Bh3+ 28. Ke1 Rg1+ 29. Kd2 Rg2 30. Be3 Bg5 31. Bxg5 Rxf2+ 32. Ke3 Rg2 33. Bf4 g5 34. Bg3 g4 35. Bf1 Re8+ 36. Kf4 Rd2 37. Bxh3 Rd4+ 38. Kf5 gxh3 39. Rd1 Rf8+ 40. Ke5 Rg4 41. Rf1 h5 42. Rg1 f2 43. Rgf1 Rg5+ 44. Ke4 Re8+ 45. Kd4 Rg4+ 46. Kd3 Rd8+ 47. Ke3 Re8+ 48. Kxf2 h4 49. Kf3 Rg7 50. Bf4 1-0

[Event "4NCL Div 2 2024-25"]
[Site "England"]
[Date "2024.11.23"]
[Round "1.35"]
[White "Pal, Rohan"]
[Black "Stepanyan, Henrik"]
[Result "1/2-1/2"]
[ECO "D34"]
[WhiteElo "1970"]
[BlackElo "2205"]
[Annotator "RC"]
[PlyCount "83"]
[EventDate "2024.11.23"]
[EventType "team-tourn"]
[EventCountry "ENG"]
[SourceTitle "playchess.com"]
[Source "ChessBase"]
[SourceQuality "1"]
[TimeControl "40/6000+30:3000+30"]

1. c4 e6 2. d4 d5 3. Nf3 c5 4. cxd5 exd5 5. g3 Nf6 6. Bg2 Be7 7. O-O O-O 8. Nc3 Nc6 9. dxc5 Bxc5 10. Bg5 d4 11. Bxf6 Qxf6 12. Ne4 Qe7 13. Nxc5 Qxc5 14. Rc1 Qb6 15. Qc2 h6 16. Rfd1 Be6 17. b3 Rfd8 18. Rd2 Rac8 19. Qd1 Rc7 20. Ne1 Rcd7 21. Nd3 Bd5 22. b4 Bxg2 23. Kxg2 a5 24. bxa5 Nxa5 25. Rc5 Nc6 26. Rb2 Qa7 27. Rcb5 Re7 28. Qb1 Rde8 29. Nf4 Nd8 30. Qd3 Nc6 31. Qb3 Nd8 32. Qd3 Nc6 33. Qb3 Nd8 34. Qc4 Nc6 35. Nd5 Rd7 36. Qb3 Red8 37. Nf4 d3 38. Rd5 Rxd5 39. Nxd5 dxe2 40. Rxe2 Nd4 41. Ne7+ Kh8 42. Qd3 1/2-1/2

[Event "4NCL Div 2 2024-25"]
[Site "England"]
[Date "2024.11.23"]
[Round "1.36"]
[White "Pitcher, John"]
[Black "Patel, Keatan"]
[Result "1/2-1/2"]
[ECO "C24"]
[WhiteElo "2147"]
[BlackElo "1973"]
[Annotator "RC"]
[PlyCount "86"]
[EventDate "2024.11.23"]
[EventType "team-tourn"]
[EventCountry "ENG"]
[SourceTitle "playchess.com"]
[Source "ChessBase"]
[SourceQuality "1"]
[TimeControl "40/6000+30:3000+30"]

1. e4 e5 2. Bc4 Nf6 3. d3 c6 4. Nf3 d5 5. Bb3 a5 6. Nc3 Bb4 7. a3 Bxc3+ 8. bxc3 a4 9. Ba2 Qc7 10. O-O O-O 11. exd5 cxd5 12. Bd2 Be6 13. Re1 Nbd7 14. Nxe5 Nxe5 15. Bf4 Nfd7 16. d4 Qxc3 17. dxe5 d4 18. Bd2 Qc6 19. Bb4 Rfc8 20. Qxd4 Nb6 21. Bxe6 Qxe6 22. Rad1 h6 23. Qe4 Qc6 24. Rd6 Qxe4 25. Rxe4 Nc4 26. Rdd4 b5 27. f4 Nb6 28. c3 Rd8 29. Kf2 Nd5 30. Ke2 g6 31. Kd2 Nb6 32. Kc2 Nc4 33. g3 Rac8 34. Rxd8+ Rxd8 35. Rd4 Re8 36. Kd3 f6 37. exf6 Re3+ 38. Kc2 Re2+ 39. Kd1 Rxh2 40. Rd7 Ne3+ 41. Ke1 Nc2+ 42. Kf1 Nxb4 43. cxb4 Ra2 1/2-1/2

[Event "4NCL Div 2 2024-25"]
[Site "England"]
[Date "2024.11.23"]
[Round "1.37"]
[White "Paterson, Andrew I"]
[Black "Dicen, Elis Denele"]
[Result "0-1"]
[ECO "A13"]
[WhiteElo "1976"]
[BlackElo "2100"]
[Annotator "RC"]
[PlyCount "124"]
[EventDate "2024.11.23"]
[EventType "team-tourn"]
[EventCountry "ENG"]
[SourceTitle "playchess.com"]
[Source "ChessBase"]
[SourceQuality "1"]
[TimeControl "40/6000+30:3000+30"]

1. c4 e6 2. g3 d5 3. Bg2 Nf6 4. Nf3 d4 5. O-O Nc6 6. d3 Be7 7. e3 e5 8. exd4 exd4 9. Bg5 O-O 10. Nbd2 Bf5 11. Qb3 Qd7 12. Rfe1 h6 13. Bxf6 Bxf6 14. Ne4 Be7 15. a3 a6 16. Qa4 Rfe8 17. b4 Bf8 18. Qb3 b6 19. Qb2 Rad8 20. Nh4 Bg4 21. f4 a5 22. Nf2 Bh5 23. Bh3 Qd6 24. Ne4 Rxe4 25. Rxe4 axb4 26. axb4 Nxb4 27. Qd2 Bg6 28. Nxg6 Qxg6 29. Kh1 Qc6 30. Bg2 Qd7 31. Re5 c5 32. Ra8 Rxa8 33. Bxa8 Qa7 34. Bg2 Qa1+ 35. Re1 Qa3 36. Be4 Qa6 37. f5 b5 38. cxb5 Qxb5 39. Rc1 Qb6 40. Ra1 Qd6 41. Ra7 c4 42. dxc4 d3 43. Ra1 Qd4 44. Re1 Nc2 45. Qxd3 Qxd3 46. Bxd3 Nxe1 47. Be4 Bc5 48. g4 Kf8 49. h4 Bf2 50. g5 Bxh4 51. gxh6 gxh6 52. Kg1 Ke7 53. c5 f6 54. Kf1 Bg3 55. Ke2 h5 56. Ke3 h4 57. Ke2 h3 58. Ke3 Ng2+ 59. Kf3 Be5 60. Kg4 Nf4 61. Kh4 h2 62. Kg4 Nd3 0-1

[Event "4NCL Div 2 2024-25"]
[Site "England"]
[Date "2024.11.23"]
[Round "1.38"]
[White "Fellowes, Billy"]
[Black "Sandhu, Manvith"]
[Result "1-0"]
[ECO "D02"]
[WhiteElo "2055"]
[BlackElo "1978"]
[Annotator "NA RC"]
[PlyCount "113"]
[EventDate "2024.11.23"]
[EventType "team-tourn"]
[EventCountry "ENG"]
[SourceTitle "playchess.com"]
[Source "ChessBase"]
[SourceQuality "1"]
[TimeControl "40/6000+30:3000+30"]

1. d4 d5 2. Bf4 Nf6 3. Nf3 e6 4. e3 c5 5. c3 Nc6 6. Bd3 Bd6 7. Bg3 a6 8. Nbd2 b5 9. dxc5 Bxc5 10. e4 dxe4 11. Nxe4 Be7 12. Qe2 Nd5 13. Rd1 O-O 14. h4 h6 15. Bb1 f5 16. Ned2 Bd6 17. Bxd6 Qxd6 18. O-O Nf4 19. Qe3 Nd5 20. Qd3 Ne5 21. Nxe5 Qxe5 22. Rfe1 Qf6 23. Nf3 Bb7 24. Qd4 Rfe8 25. Qxf6 gxf6 26. Nd4 Kf7 27. Bc2 Re7 28. Bb3 Rd8 29. Kh2 Rd6 30. Rd2 Re8 31. Rde2 f4 32. g3 f3 33. Re4 Nc7 34. Rf4 Bd5 35. Bc2 Rdd8 36. h5 Rg8 37. Bg6+ Rxg6 38. hxg6+ Kxg6 39. Rg4+ Kf7 40. Rh4 Kg6 41. Rg4+ Kf7 42. Rf4 Kg6 43. Nxf3 e5 44. Nh4+ Kf7 45. Rxe5 Ne6 46. Rff5 Bxa2 47. Re2 Bc4 48. Re3 Bd3 49. Rh5 Ng5 50. Rxh6 Be4 51. f4 Rd2+ 52. Kg1 Nh3+ 53. Kf1 Nf2 54. f5 Rxb2 55. Rh7+ Kg8 56. Re7 Rb1+ 57. Kxf2 1-0

[Event "4NCL Div 2 2024-25"]
[Site "England"]
[Date "2024.11.23"]
[Round "1.39"]
[White "Cundy, Mark A"]
[Black "Fallowfield, Jeremy R"]
[Result "1/2-1/2"]
[ECO "B90"]
[WhiteElo "1914"]
[BlackElo "2072"]
[Annotator "NA RC"]
[PlyCount "64"]
[EventDate "2024.11.23"]
[EventType "team-tourn"]
[EventCountry "ENG"]
[SourceTitle "playchess.com"]
[Source "ChessBase"]
[SourceQuality "1"]
[TimeControl "40/6000+30:3000+30"]

1. e4 c5 2. Nf3 d6 3. d4 cxd4 4. Nxd4 Nf6 5. Nc3 a6 6. Be3 e5 7. Nb3 Be7 8. f3 Be6 9. Qd2 h5 10. a4 Nbd7 11. a5 Rc8 12. Be2 Qc7 13. O-O Qc6 14. Bd3 d5 15. exd5 Nxd5 16. Nxd5 Bxd5 17. Qe2 O-O 18. Nd2 f5 19. Bf2 h4 20. h3 Qh6 21. Bc4 Qe6 22. b3 Bc5 23. Bxd5 Qxd5 24. Nc4 Qe6 25. Rad1 Rce8 26. Qd2 Bxf2+ 27. Rxf2 Nf6 28. Qd6 e4 29. Qxe6+ Rxe6 30. fxe4 Nxe4 31. Re2 Rfe8 32. Nd2 Nxd2 1/2-1/2